 Dungeon Crawl Stone Soup version 0.23-a0-350-g6fd5563 (webtiles) character file.

180208 Gorice the Covert (level 17, -1/135 HPs)
             Began as a Gnoll Wanderer on Oct 19, 2018.
             Was a High Priest of Okawaru.
             Shot with a bolt by a naga sharpshooter (12 damage)
             ... on level 1 of the Snake Pit on Oct 20, 2018.
             The game lasted 03:20:42 (46256 turns).

Gorice the Covert (Gnoll Wanderer)                 Turns: 46256, Time: 03:20:43

Health: -1/135     AC: 31    Str: 19    XL:     17   Next: 92%
Magic:  14/32      EV: 21    Int: 17    God:    Okawaru [*****.]
Gold:   752        SH:  0    Dex: 22    Spells: 25/39 levels left

rFire    . . .     SeeInvis .   a - +1 great sword of Kismet {freeze, rElec rPois Dex+2}
rCold    . . .     Gourm    +   (shield currently unavailable)
rNeg     . . .     Faith    .   K - +6 chain mail of the Sixty-Six Tables {Dex+5}
rPois    +         Spirit   .   A - +2 helmet
rElec    +         Reflect  .   M - +2 cloak {MR+}
rCorr    +         Harm     .   g - +0 pair of gloves
MR       ++...                  x - +0 pair of boots
Stlth    ++++......             y - amulet of the gourmand
HPRegen  0.32/turn              S - +5 ring of slaying
MPRegen  0.23/turn              C - ring of resist corrosion

@: heroism
A: distributed training, fangs 1, strong nose
}: 1/15 runes: barnacled
a: Heroism, Finesse, Renounce Religion


You were on level 1 of the Snake Pit.
You worshipped Okawaru.
Okawaru was extremely pleased with you.
You were very full.

You visited 6 branches of the dungeon, and saw 29 of its levels.

You collected 2762 gold pieces.
You spent 2010 gold pieces at shops.

Inventory:

Hand Weapons
 a - the +1 great sword of Kismet (weapon) {freeze, rElec rPois Dex+2}
   (Okawaru gifted it to you on level 6 of the Lair of Beasts)

   It has been specially enchanted to freeze those struck by it, causing extra
   injury to most foes and up to half again as much damage against particularly
   susceptible opponents.
   It can also slow down cold-blooded creatures.
   It affects your dexterity (+2).
   It insulates you from electricity.
   It protects you from poison.
 b - a +0 lajatang of speed
   (You took it off a spriggan on level 6 of the Lair of Beasts)
Missiles
 o - 21 arrows
 u - 10 javelins of returning (quivered)
 V - 111 javelins
 Z - 6 throwing nets {!f}
Armour
 g - a +0 pair of gloves (worn)
 x - a +0 pair of boots (worn)
 A - a +2 helmet (worn)
 K - the +6 chain mail of the Sixty-Six Tables (worn) {Dex+5}
   (You found it on level 7 of the Dungeon)

   It affects your dexterity (+5).
 M - a +2 cloak of magic resistance (worn)
   (You took it off Crazy Yiuf on level 2 of the Dungeon)
Magical Staves
 d - an uncursed staff of fire {unknown}
Jewellery
 i - an uncursed ring of see invisible
 y - an amulet of the gourmand (around neck)
 C - a ring of resist corrosion (right hand)
 E - an uncursed ring of positive energy
 F - an uncursed ring of flight
 S - a +5 ring of slaying (left hand)
Wands
 c - a wand of iceblast (24)
 k - a wand of scattershot (7)
 q - a wand of flame (20)
 L - a wand of paralysis (37)
 Q - a wand of disintegration (22)
 R - a wand of digging (19)
 X - a wand of acid (4)
Scrolls
 z - 4 scrolls of summoning {!r}
 B - 10 scrolls of teleportation {!r}
 O - 12 scrolls of identify
 P - 3 scrolls of fear {!r}
 U - 15 scrolls of remove curse
 W - 3 scrolls of fog
Potions
 e - 4 potions of heal wounds {!q}
 j - 3 potions of haste {!q}
 m - 4 potions of might {!q}
 n - 3 potions of invisibility {!q}
 v - 4 potions of agility {!q}
 D - 2 potions of resistance {!q}
 G - 2 potions of curing
 I - 4 potions of magic {!q}
 N - 3 potions of cancellation {!q}
Miscellaneous
 H - 2 sacks of spiders
 J - a lightning rod (4/4) {!a}
Comestibles
 f - 49 rations


   Skills:
 + Level 12.4(17.4) Fighting
 + Level 11.6(16.6) Short Blades
 + Level 11.6(16.6) Long Blades
 + Level 11.6(16.6) Axes
 + Level 11.6(16.6) Maces & Flails
 + Level 12.4(17.4) Polearms
 + Level 11.6(16.6) Staves
 + Level 11.6(16.6) Slings
 + Level 11.6(16.6) Bows
 + Level 11.6(16.6) Crossbows
 + Level 11.9(16.9) Throwing
 + Level 11.6(16.6) Armour
 + Level 12.4(17.4) Dodging
 + Level 12.9(17.9) Stealth
 + Level 11.6(16.6) Shields
 + Level 11.6(16.6) Unarmed Combat
 + Level 11.6 Spellcasting
 + Level 9.9 Conjurations
 + Level 9.9 Hexes
 + Level 9.9 Charms
 + Level 9.9 Summonings
 + Level 9.9 Necromancy
 + Level 9.9 Translocations
 + Level 9.9 Transmutations
 + Level 9.9 Fire Magic
 + Level 9.9 Ice Magic
 + Level 9.9 Air Magic
 + Level 9.9 Earth Magic
 + Level 9.9 Poison Magic
 + Level 12.5 Invocations
 + Level 11.6 Evocations


You had 25 spell levels left.
You knew the following spells:

 Your Spells              Type           Power        Failure   Level  Hunger
v - Vampiric Draining     Necr           #####.....   1%          3    None
w - Spectral Weapon       Hex/Chrm       #####...     1%          3    None
A - Apportation           Tloc           #####.       1%          1    None
J - Blink                 Tloc           N/A          1%          2    None
R - Regeneration          Chrm/Necr      #####.....   1%          3    None
S - Swiftness             Chrm/Air       #####...     1%          2    None

Your spell library contained the following spells:

 Spells                   Type           Power        Failure   Level  Hunger
 Animate Skeleton         Necr           N/A          1%          1    None
 Confusing Touch          Hex            #####.       1%          1    None
 Pain                     Necr           ####         1%          1    None
 Passwall                 Tmut/Erth      #####...     1%          2    None
 Shroud of Golubria       Chrm/Tloc      #####.....   1%          2    None
 Confuse                  Hex            #####...     1%          3    None
 Gell's Gravitas          Tloc           #####.....   1%          3    None
 Lesser Beckoning         Tloc           #####.....   1%          3    None
 Mephitic Cloud           Conj/Pois/Air  #####...     1%          3    None
 Static Discharge         Conj/Air       #####...     1%          3    None
 Animate Dead             Necr           N/A          6%          4    ##.....
 Passage of Golubria      Tloc           N/A          6%          4    ##.....
 Petrify                  Tmut/Erth      #####...     6%          4    ##.....
 Borgnjor's Vile Clutch   Necr/Erth      #####.....   19%         5    #####..
 Lee's Rapid Deconstruct  Erth           #####.....   19%         5    #####..
 Lightning Bolt           Conj/Air       #####.....   19%         5    #####..
 Metabolic Englaciation   Hex/Ice        #####.....   19%         5    #####..
 Yara's Violent Unravell  Hex/Tmut       #####.....   19%         5    #####..
 Darkness                 Hex            #####.....   69%         6    ######.
 Invisibility             Hex            #####...     69%         6    ######.
 Ignition                 Fire           #####.....   100%        8    #######
 Shatter                  Erth           #####.....   100%        9    #######
 Tornado                  Air            #####.....   100%        9    #######


Dungeon Overview and Level Annotations

Branches:
Dungeon (15/15)            Temple (1/1) D:5            Lair (6/6) D:9
 Shoals (4/4) Lair:3        Snake (1/4) Lair:4        Slime (0/5) Lair:6
    Orc (2/2) D:9             Elf (0/3) Orc:2        Vaults (0/5) D:14
 Depths (0/5) D:15

Altars:
Ashenzari
Cheibriados
Dithmenos
Elyvilon
Fedhas
Gozag
Hepliaklqana
Kikubaaqudgha
Makhleb
Nemelex Xobeh
Okawaru
Qazlal
Ru
Sif Muna
Trog
Uskayaw
Vehumet
Wu Jian
Xom
Yredelemnul
Zin
The Shining One
Beogh

Shops:
D:9 [   Orc:1 :   Orc:2 [*(=


Innate Abilities, Weirdness & Mutations

Your experience applies equally to all skills.
You have very sharp teeth.
Your uncanny sense of smell can sniff out nearby items.


Message History

The bolt hits you!
* * * LOW HITPOINT WARNING * * *
You see here 2 bolts.
Damage: 14 (max 26)
The anaconda closely misses you.
The anaconda bites you but does no damage.
The naga sharpshooter gestures wildly while chanting.
The naga sharpshooter magically shoots a bolt.
The bolt hits you!
* * * LOW HITPOINT WARNING * * *
You see here 2 bolts.
Damage: 7 (max 26)
The naga sharpshooter gestures wildly while chanting.
The naga sharpshooter magically shoots a bolt.
The bolt completely misses you.
You see here a bolt.
Unknown command.
The anaconda misses you. x2
The anaconda misses you.
You riposte.
Your chain mail of the Sixty-Six Tables prevents you from hitting the anaconda.
The anaconda is lightly wounded.
The anaconda barely misses you.
The naga sharpshooter casts a spell.
The naga sharpshooter magically shoots a bolt.
The bolt barely misses you.
You see here a bolt.
The anaconda grabs you. The anaconda misses you.
* * * LOW HITPOINT WARNING * * *
The anaconda constricts you.
Damage: 1 (max 26) Really read
P - 5 scrolls of fear {!r}?
As you read the scroll of fear {!r}, it crumbles to dust.
You assume a fearsome visage.
The anaconda looks frightened!
The black mamba looks frightened!
The anaconda loses its grip on you.
Unknown command.
Cornered, the black mamba turns to fight!
You hit the mana viper. You freeze the mana viper.
The mana viper is almost dead.
The mana viper bites you!
* * * LOW HITPOINT WARNING * * *
You feel your power leaking away.
Damage: 7 (max 26) Unknown command.
Really read
P - 4 scrolls of fear {!r}?
As you read the scroll of fear {!r}, it crumbles to dust.
You assume a fearsome visage.
The mana viper looks frightened!
The black mamba looks frightened!
The naga sharpshooter resists with almost no effort.
The naga sharpshooter shoots a bolt.
The bolt hits you!
You die...

........#####.##..........#
## ........#
#.#...........## #
##.###### #..............##
### ##...)..........#
#..............##
#.....).........# #
##.............## ##
#.............# #.
#.@..........## ##.
##...........# ##..
#..........## #... ######
#.........## ##...
##.....####(.......# #....
........###N......## ##....
.........#.S#.S....###.....
..........(#######.........
..........(.## ####......


You could see a naga sharpshooter, a mana viper (fleeing) and a black mamba
(fleeing).

Vanquished Creatures
  A sphinx (D:14)
  3 tengu reavers (D:14)
  Agnes (D:15)
  2 orc warlords
  A stone giant (Shoals:2)
  Nessos (D:15)
  The ghost of MisterFreud the Severer, a journeyman DDFi of Makhleb (Lair:6)
  7 merfolk javelineers
  10 merfolk impalers
  A fire dragon (D:15)
  Josephine (Orc:2)
  A yaktaur captain (D:15)
  9 hydras
  2 naga warriors (Snake:1)
  3 catoblepae
  2 death knights
  A merfolk avatar (Shoals:4)
  A centaur warrior (D:10)
  8 two-headed ogres
  2 dancing weapons (D:13)
  6 death yaks
  2 merfolk aquamancers
  Urug (Orc:1)
  A deep troll earth mage (D:14)
  2 orc high priests (Orc:2)
  2 naga sharpshooters (Snake:1)
  A hell knight (D:14)
  11 sea snakes
  A skeletal warrior (D:13)
  2 naga ritualists (Snake:1)
  2 unseen horrors
  A phantasmal warrior (D:14)
  A wizard (D:12)
  14 harpies
  A deep elf archer (D:15)
  3 orc knights (Orc:2)
  A mana viper (shapeshifter) (D:15)
  A mana viper (Snake:1)
  4 orc sorcerers (Orc:2)
  A wolf spider zombie (D:14)
  3 oklob plants (Lair:6)
  8 ugly things
  13 cyclopes
  2 salamanders (Snake:1)
  A wolf spider (D:14)
  11 manticores
  8 fauns
  A deep elf mage (D:14)
  10 elephants
  11 merfolk sirens
  2 centaur zombies
  11 spiny frogs
  7 water nymphs
  10 black mambas
  3 guardian serpents
  A gargoyle (D:14)
  A naga mage (Snake:1)
  A rime drake (Lair:4)
  A centaur skeleton (D:12)
  4 kobold demonologists
  5 yaktaurs (D:15)
  A yaktaur (shapeshifter) (D:14)
  A freezing wraith (D:11)
  7 komodo dragons
  A tengu conjurer (D:15)
  27 merfolk
  5 trolls
  A polar bear (Lair:6)
  A wind drake (shapeshifter) (D:13)
  2 wind drakes
  11 hippogriffs
  14 dream sheep
  9 snapping turtles
  5 hornets (Lair:6)
  10 slime creatures
  16 blink frogs
  A dream sheep (shapeshifter) (D:15)
  Sigmund (D:2)
  8 water elementals
  A centaur simulacrum (D:13)
  13 spriggans (Lair:6)
  3 wyverns
  33 yaks
  A vampire (D:15)
  2 shadows
  6 wraiths
  7 basilisks
  A golden eye (shapeshifter) (D:11)
  2 hungry ghosts
  2 vampire mosquitoes (D:12)
  Menkaure (D:6)
  12 nagas
  An acid dragon (shapeshifter) (D:14)
  12 water moccasins
  11 porcupines
  3 sky beasts
  7 black bears
  35 orc warriors
  2 phantoms
  An eye of draining (D:15)
  2 ice beasts
  28 wolves
  4 boggarts (Lair:6)
  8 ogres
  12 centaurs
  3 big kobolds
  19 crocodiles
  17 bullfrogs
  A wyvern zombie (D:13)
  3 scorpions
  12 killer bees
  12 wights
  A howler monkey (D:11)
  2 bullfrog zombies
  9 crimson imps
  3 quasits
  5 hounds
  31 orc wizards
  4 jellies
  21 orc priests
  Crazy Yiuf (D:2)
  8 bullfrog skeletons
  6 iguanas
  3 hell rats (Lair:2)
  6 worker ants
  3 hound skeletons
  A worker ant zombie (D:11)
  A howler monkey skeleton (D:7)
  7 adders
  5 river rats (Lair:2)
  3 shadow imps
  2 oozes
  6 adder zombies
  A worm (D:5)
  A dart slug (D:3)
  4 leopard geckos
  96 orcs
  5 bats
  7 giant cockroaches
  8 goblins
  9 hobgoblins
  3 jackals (D:1)
  15 kobolds
  A quokka (D:10)
  3 ball pythons
  10 frilled lizards
  A jackal zombie (D:6)
  11 rats
  A fungus (D:2)
  A withered plant (Shoals:3)
933 creatures vanquished.

Vanquished Creatures (others)
  An orc (D:14)
  10 fungi
  25 plants
36 creatures vanquished.

Grand Total: 969 creatures vanquished

Notes
Turn   | Place    | Note
-------+----------+-------------------------------------------
     0 | D:1      | Gorice the Gnoll Wanderer began the quest for the Orb.
     0 | D:1      | Gorice set off with: a +2 spear, a potion of curing, a
                  | potion of lignification {!q}, a +0 robe, a +0 dagger, a
                  | ration
     0 | D:1      | Reached XP level 1. HP: 20/20 MP: 1/1
   218 | D:1      | Reached XP level 2. HP: 26/26 MP: 2/2
   587 | D:1      | Reached XP level 3. HP: 25/31 MP: 3/3
   893 | D:2      | Reached skill level 6 in Stealth
   909 | D:2      | Reached skill level 1 in Invocations
   979 | D:2      | Reached skill level 1 in Short Blades
   979 | D:2      | Reached skill level 1 in Long Blades
   979 | D:2      | Reached skill level 1 in Axes
   979 | D:2      | Reached skill level 1 in Maces & Flails
   979 | D:2      | Reached skill level 1 in Staves
   979 | D:2      | Reached skill level 1 in Slings
   979 | D:2      | Reached skill level 1 in Bows
   979 | D:2      | Reached skill level 1 in Crossbows
   979 | D:2      | Reached skill level 1 in Armour
   979 | D:2      | Reached skill level 1 in Shields
   979 | D:2      | Reached skill level 1 in Unarmed Combat
   979 | D:2      | Reached skill level 1 in Spellcasting
   979 | D:2      | Reached skill level 1 in Evocations
   979 | D:2      | Reached XP level 4. HP: 38/38 MP: 5/5
  1087 | D:2      | Reached skill level 1 in Conjurations
  1087 | D:2      | Reached skill level 1 in Hexes
  1087 | D:2      | Reached skill level 1 in Charms
  1087 | D:2      | Reached skill level 1 in Summonings
  1087 | D:2      | Reached skill level 1 in Necromancy
  1087 | D:2      | Reached skill level 1 in Translocations
  1087 | D:2      | Reached skill level 1 in Transmutations
  1087 | D:2      | Reached skill level 1 in Fire Magic
  1087 | D:2      | Reached skill level 1 in Ice Magic
  1087 | D:2      | Reached skill level 1 in Air Magic
  1087 | D:2      | Reached skill level 1 in Earth Magic
  1087 | D:2      | Reached skill level 1 in Poison Magic
  1148 | D:2      | Noticed Sigmund
  1150 | D:2      | Noticed a centaur
  1169 | D:2      | HP: 16/57 [crimson imp (3)]
  1182 | D:2      | Killed a centaur
  1182 | D:2      | Reached skill level 3 in Throwing
  1182 | D:2      | Reached XP level 5. HP: 27/43 MP: 5/7
  1200 | D:2      | HP: 10/43 [something (4)]
  1204 | D:2      | Killed Sigmund
  1204 | D:2      | Reached skill level 5 in Fighting
  1204 | D:2      | Reached skill level 2 in Short Blades
  1204 | D:2      | Reached skill level 2 in Long Blades
  1204 | D:2      | Reached skill level 2 in Axes
  1204 | D:2      | Reached skill level 2 in Maces & Flails
  1204 | D:2      | Reached skill level 5 in Polearms
  1204 | D:2      | Reached skill level 2 in Staves
  1204 | D:2      | Reached skill level 2 in Slings
  1204 | D:2      | Reached skill level 2 in Bows
  1204 | D:2      | Reached skill level 2 in Crossbows
  1204 | D:2      | Reached skill level 2 in Armour
  1204 | D:2      | Reached skill level 5 in Dodging
  1204 | D:2      | Reached skill level 2 in Shields
  1204 | D:2      | Reached skill level 2 in Unarmed Combat
  1204 | D:2      | Reached skill level 2 in Spellcasting
  1204 | D:2      | Reached skill level 2 in Invocations
  1204 | D:2      | Reached skill level 2 in Evocations
  1204 | D:2      | Reached XP level 6. HP: 13/51 MP: 6/9
  1209 | D:2      | HP: 11/51 [crimson imp (2)]
  1227 | D:2      | HP: 13/51 [crimson imp (1)]
  1581 | D:2      | Found a bloodstained altar of Trog.
  1851 | D:2      | Found a runed door.
  1855 | D:2      | Noticed Crazy Yiuf
  1867 | D:2      | Killed Crazy Yiuf
  1944 | D:3      | Reached XP level 7. HP: 51/56 MP: 10/10
  2488 | D:3      | Found a snail-covered altar of Cheibriados.
  3031 | D:4      | Found a stormy altar of Qazlal.
  3400 | D:4      | Upgraded the game from 0.23-a0-344-ge122d05 to
                  | 0.23-a0-350-g6fd5563
  3402 | D:5      | Entered Level 5 of the Dungeon
  3440 | D:5      | Reached skill level 2 in Conjurations
  3440 | D:5      | Reached skill level 2 in Hexes
  3440 | D:5      | Reached skill level 2 in Charms
  3440 | D:5      | Reached skill level 2 in Summonings
  3440 | D:5      | Reached skill level 2 in Necromancy
  3440 | D:5      | Reached skill level 2 in Translocations
  3440 | D:5      | Reached skill level 2 in Transmutations
  3440 | D:5      | Reached skill level 2 in Fire Magic
  3440 | D:5      | Reached skill level 2 in Ice Magic
  3440 | D:5      | Reached skill level 2 in Air Magic
  3440 | D:5      | Reached skill level 2 in Earth Magic
  3440 | D:5      | Reached skill level 2 in Poison Magic
  3578 | D:5      | Found a basalt altar of Yredelemnul.
  3866 | D:5      | Found a staircase to the Ecumenical Temple.
  4170 | D:5      | Reached skill level 3 in Invocations
  4194 | D:5      | Found a sacrificial altar of Ru.
  4194 | D:5      | Found a stormy altar of Qazlal.
  4753 | D:5      | Reached XP level 8. HP: 63/63 MP: 12/12
  5076 | D:6      | Reached skill level 3 in Short Blades
  5076 | D:6      | Reached skill level 3 in Long Blades
  5076 | D:6      | Reached skill level 3 in Axes
  5076 | D:6      | Reached skill level 3 in Maces & Flails
  5076 | D:6      | Reached skill level 3 in Staves
  5076 | D:6      | Reached skill level 3 in Slings
  5076 | D:6      | Reached skill level 3 in Bows
  5076 | D:6      | Reached skill level 3 in Crossbows
  5076 | D:6      | Reached skill level 4 in Throwing
  5076 | D:6      | Reached skill level 3 in Armour
  5076 | D:6      | Reached skill level 3 in Shields
  5076 | D:6      | Reached skill level 3 in Unarmed Combat
  5076 | D:6      | Reached skill level 3 in Spellcasting
  5076 | D:6      | Reached skill level 3 in Evocations
  5340 | D:6      | Noticed Menkaure
  5350 | D:6      | Killed Menkaure
  5857 | Temple   | Entered the Ecumenical Temple
  5921 | Temple   | Became a worshipper of Warmaster Okawaru
  6008 | D:7      | Got a jewelled chain mail
  6028 | D:6      | Identified the +6 chain mail of the Sixty-Six Tables
                  | {Dex+5} (You found it on level 7 of the Dungeon)
  6408 | D:6      | Reached skill level 7 in Stealth
  6516 | D:7      | Reached skill level 4 in Invocations
  6532 | D:7      | Found a burning altar of Makhleb.
  6560 | D:7      | Reached skill level 3 in Conjurations
  6560 | D:7      | Reached skill level 3 in Hexes
  6560 | D:7      | Reached skill level 3 in Charms
  6560 | D:7      | Reached skill level 3 in Summonings
  6560 | D:7      | Reached skill level 3 in Necromancy
  6560 | D:7      | Reached skill level 3 in Translocations
  6560 | D:7      | Reached skill level 3 in Transmutations
  6560 | D:7      | Reached skill level 3 in Fire Magic
  6560 | D:7      | Reached skill level 3 in Ice Magic
  6560 | D:7      | Reached skill level 3 in Air Magic
  6560 | D:7      | Reached skill level 3 in Earth Magic
  6560 | D:7      | Reached skill level 3 in Poison Magic
  6655 | D:7      | Found a glowing golden altar of the Shining One.
  6695 | D:7      | Reached skill level 6 in Fighting
  6695 | D:7      | Reached skill level 6 in Polearms
  6695 | D:7      | Reached skill level 6 in Dodging
  6695 | D:7      | Reached XP level 9. HP: 56/69 MP: 14/14
  6778 | D:7      | Reached * piety under Okawaru
  6875 | D:7      | Noticed a dagger
  6876 | D:7      | Found a hide-covered altar of Uskayaw.
  6876 | D:7      | Noticed a dagger
  6921 | D:7      | Found a deep blue altar of Sif Muna.
  6921 | D:7      | Found a white marble altar of Elyvilon.
  7275 | D:8      | Reached skill level 4 in Short Blades
  7275 | D:8      | Reached skill level 4 in Long Blades
  7275 | D:8      | Reached skill level 4 in Axes
  7275 | D:8      | Reached skill level 4 in Maces & Flails
  7275 | D:8      | Reached skill level 4 in Staves
  7275 | D:8      | Reached skill level 4 in Slings
  7275 | D:8      | Reached skill level 4 in Bows
  7275 | D:8      | Reached skill level 4 in Crossbows
  7275 | D:8      | Reached skill level 4 in Armour
  7275 | D:8      | Reached skill level 4 in Shields
  7275 | D:8      | Reached skill level 4 in Unarmed Combat
  7275 | D:8      | Reached skill level 4 in Spellcasting
  7275 | D:8      | Reached skill level 4 in Evocations
  7520 | D:8      | Reached skill level 5 in Throwing
  7550 | D:8      | Noticed a two-headed ogre
  7571 | D:7      | Reached ** piety under Okawaru
  7676 | D:7      | Killed a two-headed ogre
  7676 | D:7      | Reached skill level 5 in Invocations
  7684 | D:8      | Reached XP level 10. HP: 55/77 MP: 15/17
  7961 | D:8      | Reached *** piety under Okawaru
  7974 | D:8      | Reached skill level 4 in Conjurations
  7974 | D:8      | Reached skill level 4 in Hexes
  7974 | D:8      | Reached skill level 4 in Charms
  7974 | D:8      | Reached skill level 4 in Summonings
  7974 | D:8      | Reached skill level 4 in Necromancy
  7974 | D:8      | Reached skill level 4 in Translocations
  7974 | D:8      | Reached skill level 4 in Transmutations
  7974 | D:8      | Reached skill level 4 in Fire Magic
  7974 | D:8      | Reached skill level 4 in Ice Magic
  7974 | D:8      | Reached skill level 4 in Air Magic
  7974 | D:8      | Reached skill level 4 in Earth Magic
  7974 | D:8      | Reached skill level 4 in Poison Magic
  8190 | D:9      | Found an opulent altar of Gozag.
  8423 | D:9      | Reached skill level 5 in Short Blades
  8423 | D:9      | Reached skill level 5 in Long Blades
  8423 | D:9      | Reached skill level 5 in Axes
  8423 | D:9      | Reached skill level 5 in Maces & Flails
  8423 | D:9      | Reached skill level 5 in Staves
  8423 | D:9      | Reached skill level 5 in Slings
  8423 | D:9      | Reached skill level 5 in Bows
  8423 | D:9      | Reached skill level 5 in Crossbows
  8423 | D:9      | Reached skill level 5 in Armour
  8423 | D:9      | Reached skill level 5 in Shields
  8423 | D:9      | Reached skill level 5 in Unarmed Combat
  8423 | D:9      | Reached skill level 5 in Spellcasting
  8423 | D:9      | Reached skill level 5 in Evocations
  8460 | D:8      | Reached skill level 8 in Stealth
  8678 | D:8      | Reached skill level 7 in Fighting
  8678 | D:8      | Reached skill level 7 in Polearms
  8678 | D:8      | Reached skill level 7 in Dodging
  8690 | D:8      | Reached **** piety under Okawaru
  8792 | D:9      | Reached skill level 6 in Throwing
  8904 | D:9      | Found a roughly hewn altar of Beogh.
  8904 | D:9      | Found a staircase to the Orcish Mines.
  9259 | D:9      | Reached skill level 6 in Invocations
  9368 | D:9      | Found a staircase to the Lair.
  9480 | D:9      | Noticed a two-headed ogre
  9485 | D:9      | Killed a two-headed ogre
  9504 | D:9      | Found a shattered altar of Ashenzari.
  9532 | D:9      | Reached XP level 11. HP: 74/84 MP: 19/19
  9633 | D:9      | Found Maeseif's Armour Emporium.
  9756 | D:9      | Reached ***** piety under Okawaru
 10039 | Lair:1   | Entered Level 1 of the Lair of Beasts
 10169 | Lair:1   | Reached skill level 6 in Short Blades
 10169 | Lair:1   | Reached skill level 6 in Long Blades
 10169 | Lair:1   | Reached skill level 6 in Axes
 10169 | Lair:1   | Reached skill level 6 in Maces & Flails
 10169 | Lair:1   | Reached skill level 6 in Staves
 10169 | Lair:1   | Reached skill level 6 in Slings
 10169 | Lair:1   | Reached skill level 6 in Bows
 10169 | Lair:1   | Reached skill level 6 in Crossbows
 10169 | Lair:1   | Reached skill level 6 in Armour
 10169 | Lair:1   | Reached skill level 6 in Shields
 10169 | Lair:1   | Reached skill level 6 in Unarmed Combat
 10169 | Lair:1   | Reached skill level 6 in Spellcasting
 10169 | Lair:1   | Reached skill level 6 in Evocations
 10190 | Lair:1   | Reached skill level 5 in Conjurations
 10190 | Lair:1   | Reached skill level 5 in Hexes
 10190 | Lair:1   | Reached skill level 5 in Charms
 10190 | Lair:1   | Reached skill level 5 in Summonings
 10190 | Lair:1   | Reached skill level 5 in Necromancy
 10190 | Lair:1   | Reached skill level 5 in Translocations
 10190 | Lair:1   | Reached skill level 5 in Transmutations
 10190 | Lair:1   | Reached skill level 5 in Fire Magic
 10190 | Lair:1   | Reached skill level 5 in Ice Magic
 10190 | Lair:1   | Reached skill level 5 in Air Magic
 10190 | Lair:1   | Reached skill level 5 in Earth Magic
 10190 | Lair:1   | Reached skill level 5 in Poison Magic
 10300 | Lair:1   | Received a gift from Okawaru
 10301 | Lair:1   | Got an iridescent hunting sling {god gift}
 10302 | Lair:1   | Identified the +1 hunting sling of the Butterfly {velocity,
                  | Str+2 Int+4} (Okawaru gifted it to you on level 1 of the
                  | Lair of Beasts)
 11236 | Lair:2   | Reached skill level 7 in Invocations
 11312 | Lair:2   | Reached skill level 8 in Fighting
 11312 | Lair:2   | Reached skill level 8 in Polearms
 11312 | Lair:2   | Reached skill level 7 in Throwing
 11312 | Lair:2   | Reached skill level 8 in Dodging
 11925 | Lair:2   | Reached skill level 9 in Stealth
 12200 | Lair:2   | HP: 23/86 [spiny frog (10)]
 12201 | Lair:2   | HP: 4/86 [spiny frog (18)]
 12827 | Lair:2   | Reached XP level 12. HP: 88/93 MP: 22/22
 13270 | Lair:3   | Noticed a seven-headed hydra
 13291 | Lair:3   | Killed a seven-headed hydra
 13517 | Lair:3   | Reached skill level 7 in Short Blades
 13517 | Lair:3   | Reached skill level 7 in Long Blades
 13517 | Lair:3   | Reached skill level 7 in Axes
 13517 | Lair:3   | Reached skill level 7 in Maces & Flails
 13517 | Lair:3   | Reached skill level 7 in Staves
 13517 | Lair:3   | Reached skill level 7 in Slings
 13517 | Lair:3   | Reached skill level 7 in Bows
 13517 | Lair:3   | Reached skill level 7 in Crossbows
 13517 | Lair:3   | Reached skill level 7 in Armour
 13517 | Lair:3   | Reached skill level 7 in Shields
 13517 | Lair:3   | Reached skill level 7 in Unarmed Combat
 13517 | Lair:3   | Reached skill level 7 in Spellcasting
 13517 | Lair:3   | Reached skill level 7 in Evocations
 13528 | Lair:3   | Noticed a six-headed hydra
 13552 | Lair:3   | Killed a six-headed hydra
 14186 | Lair:3   | Found a staircase to the Shoals.
 14336 | Lair:4   | Reached skill level 6 in Conjurations
 14336 | Lair:4   | Reached skill level 6 in Hexes
 14336 | Lair:4   | Reached skill level 6 in Charms
 14336 | Lair:4   | Reached skill level 6 in Summonings
 14336 | Lair:4   | Reached skill level 6 in Necromancy
 14336 | Lair:4   | Reached skill level 6 in Translocations
 14336 | Lair:4   | Reached skill level 6 in Transmutations
 14336 | Lair:4   | Reached skill level 6 in Fire Magic
 14336 | Lair:4   | Reached skill level 6 in Ice Magic
 14336 | Lair:4   | Reached skill level 6 in Air Magic
 14336 | Lair:4   | Reached skill level 6 in Earth Magic
 14336 | Lair:4   | Reached skill level 6 in Poison Magic
 14344 | Lair:3   | Reached ****** piety under Okawaru
 14344 | Lair:3   | Received a gift from Okawaru
 14345 | Lair:3   | Got a twisted long sword {god gift}
 14346 | Lair:3   | Identified the +8 long sword "Zamaasotoh" {antimagic, -Tele
                  | rN+ Str+2 Int+4} (Okawaru gifted it to you on level 3 of
                  | the Lair of Beasts)
 14468 | Lair:3   | Reached skill level 8 in Invocations
 15269 | Lair:4   | Found a staircase to the Snake Pit.
 15437 | Lair:4   | Reached skill level 8 in Throwing
 15879 | Lair:5   | Noticed an eight-headed hydra
 15879 | Lair:5   | Noticed an eight-headed hydra
 15906 | Lair:5   | Noticed a catoblepas
 16093 | Lair:4   | Reached skill level 9 in Fighting
 16093 | Lair:4   | Reached skill level 9 in Polearms
 16093 | Lair:4   | Reached skill level 9 in Dodging
 16138 | Lair:5   | Received a gift from Okawaru
 16146 | Lair:5   | Found a white marble altar of Elyvilon.
 16174 | Lair:5   | Killed an eight-headed hydra
 16174 | Lair:5   | Reached XP level 13. HP: 80/101 MP: 22/24
 16316 | Lair:5   | Reached skill level 10 in Stealth
 16390 | Lair:4   | Reached skill level 8 in Short Blades
 16390 | Lair:4   | Reached skill level 8 in Long Blades
 16390 | Lair:4   | Reached skill level 8 in Axes
 16390 | Lair:4   | Reached skill level 8 in Maces & Flails
 16390 | Lair:4   | Reached skill level 8 in Staves
 16390 | Lair:4   | Reached skill level 8 in Slings
 16390 | Lair:4   | Reached skill level 8 in Bows
 16390 | Lair:4   | Reached skill level 8 in Crossbows
 16390 | Lair:4   | Reached skill level 8 in Armour
 16390 | Lair:4   | Reached skill level 8 in Shields
 16390 | Lair:4   | Reached skill level 8 in Unarmed Combat
 16390 | Lair:4   | Reached skill level 8 in Spellcasting
 16390 | Lair:4   | Reached skill level 8 in Evocations
 17046 | Lair:6   | Entered Level 6 of the Lair of Beasts
 17077 | Lair:5   | Received a gift from Okawaru
 17085 | Lair:5   | Got a pitted great sword {god gift}
 17087 | Lair:5   | HP: 30/101 [poisoned by a spiny frog]
 17093 | Lair:5   | HP: 28/101 [poisoned by a spiny frog]
 17099 | Lair:5   | HP: 26/101 [poisoned by a spiny frog]
 17104 | Lair:5   | HP: 26/101 [poisoned by a spiny frog]
 17112 | Lair:5   | HP: 26/101 [poisoned by a spiny frog]
 17396 | Lair:5   | Identified the +5 great sword "Makh" {pain, rF+ MR+ Int+3
                  | Stlth-} (Okawaru gifted it to you on level 5 of the Lair of
                  | Beasts)
 17621 | Lair:6   | Reached skill level 9 in Invocations
 17706 | Lair:6   | HP: 30/101 [spiny frog (1)]
 17711 | Lair:5   | HP: 15/101 [poisoned by a spiny frog]
 17718 | Lair:5   | HP: 15/101 [spiny frog (10)]
 18312 | Lair:6   | Received a gift from Okawaru
 18484 | Lair:6   | Found a runed gate.
 18486 | Lair:6   | Noticed MisterFreud's ghost (journeyman DDFi)
 18487 | Lair:6   | Found a runed gate.
 18487 | Lair:6   | Found a runed gate.
 18523 | Lair:6   | Reached skill level 7 in Conjurations
 18523 | Lair:6   | Reached skill level 7 in Hexes
 18523 | Lair:6   | Reached skill level 7 in Charms
 18523 | Lair:6   | Reached skill level 7 in Summonings
 18523 | Lair:6   | Reached skill level 7 in Necromancy
 18523 | Lair:6   | Reached skill level 7 in Translocations
 18523 | Lair:6   | Reached skill level 7 in Transmutations
 18523 | Lair:6   | Reached skill level 7 in Fire Magic
 18523 | Lair:6   | Reached skill level 7 in Ice Magic
 18523 | Lair:6   | Reached skill level 7 in Air Magic
 18523 | Lair:6   | Reached skill level 7 in Earth Magic
 18523 | Lair:6   | Reached skill level 7 in Poison Magic
 18587 | Lair:6   | Received a gift from Okawaru
 18611 | Lair:6   | HP: 25/102 [death yak (8)]
 18621 | Lair:6   | Reached skill level 9 in Throwing
 18632 | Lair:6   | Got a crude great sword {god gift}
 18699 | Lair:6   | Identified the +1 great sword of Kismet {freeze, rElec
                  | rPois Dex+2} (Okawaru gifted it to you on level 6 of the
                  | Lair of Beasts)
 19091 | Lair:6   | Reached XP level 14. HP: 109/109 MP: 26/26
 19228 | Lair:6   | Paralysed by a hornet for 3 turns
 19369 | Lair:6   | HP: 29/109 [spriggan rider/+0 spear (12)]
 19749 | Lair:6   | Received a gift from Okawaru
 19793 | Lair:5   | Reached skill level 10 in Fighting
 19793 | Lair:5   | Reached skill level 10 in Polearms
 19793 | Lair:5   | Reached skill level 10 in Dodging
 20649 | Orc:1    | Entered Level 1 of the Orcish Mines
 20649 | Orc:1    | Found a roughly hewn altar of Beogh.
 20649 | Orc:1    | Noticed Urug
 20661 | Orc:1    | Killed Urug
 20661 | Orc:1    | Received a gift from Okawaru
 20730 | Orc:1    | Reached skill level 9 in Short Blades
 20730 | Orc:1    | Reached skill level 9 in Long Blades
 20730 | Orc:1    | Reached skill level 9 in Axes
 20730 | Orc:1    | Reached skill level 9 in Maces & Flails
 20730 | Orc:1    | Reached skill level 9 in Staves
 20730 | Orc:1    | Reached skill level 9 in Slings
 20730 | Orc:1    | Reached skill level 9 in Bows
 20730 | Orc:1    | Reached skill level 9 in Crossbows
 20730 | Orc:1    | Reached skill level 9 in Armour
 20730 | Orc:1    | Reached skill level 9 in Shields
 20730 | Orc:1    | Reached skill level 9 in Unarmed Combat
 20730 | Orc:1    | Reached skill level 9 in Spellcasting
 20730 | Orc:1    | Reached skill level 9 in Evocations
 21029 | Orc:1    | Found Guneok's Book Shop.
 21242 | Orc:2    | Entered Level 2 of the Orcish Mines
 21589 | Orc:2    | Received a gift from Okawaru
 22320 | Orc:2    | Noticed Josephine
 22335 | Orc:2    | Killed Josephine
 22461 | Orc:2    | Found a staircase to the Elven Halls.
 22705 | Orc:2    | Reached skill level 10 in Invocations
 22758 | Orc:2    | Noticed an orc warlord
 22844 | Orc:2    | Killed an orc warlord
 23281 | Orc:2    | Found a roughly hewn altar of Beogh.
 23689 | Orc:2    | Found Geaddoed's Antique Weapon Emporium.
 23710 | Orc:2    | Found Zaerowau's Jewellery Emporium.
 23717 | Orc:2    | Found Taruy's General Store.
 23852 | Orc:2    | Found Focoob's Antique Armour Emporium.
 23875 | Orc:2    | Bought a +5 ring of slaying for 1591 gold pieces
 23933 | D:10     | Entered Level 10 of the Dungeon
 24071 | D:10     | Received a gift from Okawaru
 24071 | D:10     | Reached skill level 11 in Stealth
 24072 | D:10     | Got a dull robe {god gift}
 24123 | D:10     | HP: 31/111 [centaur warrior/arrow (5)]
 24129 | D:10     | HP: 28/111 [poisoned by a guardian serpent (bolt of
                  | poison)]
 24136 | D:10     | HP: 28/111 [poisoned by a guardian serpent (bolt of
                  | poison)]
 24143 | D:10     | HP: 27/111 [poisoned by a guardian serpent (bolt of
                  | poison)]
 24151 | D:10     | HP: 27/111 [poisoned by a guardian serpent (bolt of
                  | poison)]
 24159 | D:10     | HP: 27/111 [poisoned by a guardian serpent (bolt of
                  | poison)]
 25675 | D:11     | Reached skill level 8 in Conjurations
 25675 | D:11     | Reached skill level 8 in Hexes
 25675 | D:11     | Reached skill level 8 in Charms
 25675 | D:11     | Reached skill level 8 in Summonings
 25675 | D:11     | Reached skill level 8 in Necromancy
 25675 | D:11     | Reached skill level 8 in Translocations
 25675 | D:11     | Reached skill level 8 in Transmutations
 25675 | D:11     | Reached skill level 8 in Fire Magic
 25675 | D:11     | Reached skill level 8 in Ice Magic
 25675 | D:11     | Reached skill level 8 in Air Magic
 25675 | D:11     | Reached skill level 8 in Earth Magic
 25675 | D:11     | Reached skill level 8 in Poison Magic
 25956 | Lair:1   | Identified a scroll of acquirement
 25957 | Lair:1   | Got a bloodstained buckler
 25966 | Lair:1   | Identified the -4 buckler of the Trout {rElec rF+ Dex-4}
                  | (You acquired it on level 1 of the Lair of Beasts)
 26113 | D:12     | Reached XP level 15. HP: 115/117 MP: 28/28
 26250 | D:12     | HP: 28/117 [death knight/+4 great mace (26)]
 26926 | D:12     | Reached skill level 10 in Throwing
 27794 | Orc:2    | Bought an ichor-stained helmet for 209 gold pieces
 27795 | Orc:2    | Identified the +0 helmet "Wejag" {rElec rN+ Int-4} (You
                  | bought it in a shop on level 2 of the Orcish Mines)
 28259 | D:13     | Received a gift from Okawaru
 29596 | Lair:6   | Found a staircase to the Slime Pits.
 29900 | Lair:6   | Killed MisterFreud's ghost
 29900 | Lair:6   | Received a gift from Okawaru
 29910 | Lair:6   | Identified the Disquisition on the Twisted Mountains
 29914 | Lair:6   | Learned a level 1 spell: Apportation
 29917 | Lair:6   | Learned a level 2 spell: Blink
 29920 | Lair:6   | Learned a level 2 spell: Swiftness
 29926 | Lair:6   | Identified the +5 scimitar of Conformity {holy, Str+4} (You
                  | found it on level 6 of the Lair of Beasts)
 30270 | D:13     | Reached skill level 10 in Short Blades
 30270 | D:13     | Reached skill level 10 in Long Blades
 30270 | D:13     | Reached skill level 10 in Axes
 30270 | D:13     | Reached skill level 10 in Maces & Flails
 30270 | D:13     | Reached skill level 10 in Staves
 30270 | D:13     | Reached skill level 10 in Slings
 30270 | D:13     | Reached skill level 10 in Bows
 30270 | D:13     | Reached skill level 10 in Crossbows
 30270 | D:13     | Reached skill level 10 in Armour
 30270 | D:13     | Reached skill level 10 in Shields
 30270 | D:13     | Reached skill level 10 in Unarmed Combat
 30270 | D:13     | Reached skill level 10 in Spellcasting
 30270 | D:13     | Reached skill level 10 in Evocations
 30745 | D:13     | Received a gift from Okawaru
 30863 | D:14     | Reached skill level 11 in Fighting
 30863 | D:14     | Reached skill level 11 in Polearms
 30863 | D:14     | Reached skill level 11 in Dodging
 30869 | D:14     | HP: 35/118 [enchanted long sword (12)]
 30884 | D:13     | HP: 34/118 [enchanted long sword (3)]
 31453 | D:14     | Found a gate to the Vaults.
 31476 | D:14     | Learned a level 3 spell: Regeneration
 31586 | D:14     | Received a gift from Okawaru
 31586 | D:14     | Reached skill level 11 in Invocations
 31610 | D:14     | Found a runed door.
 31610 | D:14     | Noticed a sphinx
 31610 | D:14     | Noticed a tengu reaver
 31612 | D:14     | Noticed a tengu reaver
 31612 | D:14     | Noticed a tengu reaver
 31612 | D:14     | Noticed an orc warlord
 31861 | D:14     | HP: 35/118 [orc warlord/broad axe of flaming (4)]
 31868 | D:14     | Killed an orc warlord
 31868 | D:14     | Received a gift from Okawaru
 31873 | D:14     | Killed a tengu reaver
 31884 | D:14     | HP: 24/118 [phantasmal warrior (15)]
 32235 | D:14     | Killed a sphinx
 32628 | D:14     | Killed a tengu reaver
 32628 | D:14     | Reached XP level 16. HP: 108/125 MP: 30/30
 32641 | D:14     | HP: 16/125 [tengu reaver/runed war axe (22)]
 32646 | D:14     | HP: 15/125 [poisoned by a tengu reaver (poison gas)]
 32651 | D:14     | HP: 13/125 [tengu reaver] (9)]
 32656 | D:14     | HP: 33/125 [poisoned by a tengu reaver (poison gas)]
 32657 | D:14     | Killed a tengu reaver
 32667 | D:14     | HP: 37/125 [poison (poison gas)]
 32672 | D:14     | HP: 29/125 [poison (poison gas)]
 32677 | D:14     | HP: 24/125 [poison (poison gas)]
 32682 | D:14     | HP: 19/125 [poison (poison gas)]
 32687 | D:14     | HP: 16/125 [poison (poison gas)]
 32692 | D:14     | HP: 14/125 [poison (poison gas)]
 32697 | D:14     | HP: 13/125 [poison (poison gas)]
 32702 | D:14     | HP: 11/125 [poison (poison gas)]
 32707 | D:14     | HP: 11/125 [poison (poison gas)]
 32714 | D:14     | HP: 11/125 [poison (poison gas)]
 32722 | D:14     | HP: 11/125 [poison (poison gas)]
 33114 | D:14     | Identified the Incunabulum of Flight and Augmentations
 33120 | D:14     | Learned a level 3 spell: Spectral Weapon
 33124 | D:14     | Learned a level 3 spell: Vampiric Draining
 33514 | D:15     | Entered Level 15 of the Dungeon
 33534 | D:15     | HP: 26/125 [yaktaur/bolt (13)]
 34392 | D:15     | Found a staircase to the Depths.
 34400 | D:15     | Noticed Nessos
 34411 | D:15     | Killed Nessos
 34617 | D:15     | Noticed Agnes
 34632 | D:15     | Killed Agnes
 34654 | D:15     | Reached skill level 9 in Conjurations
 34654 | D:15     | Reached skill level 9 in Hexes
 34654 | D:15     | Reached skill level 9 in Charms
 34654 | D:15     | Reached skill level 9 in Summonings
 34654 | D:15     | Reached skill level 9 in Necromancy
 34654 | D:15     | Reached skill level 9 in Translocations
 34654 | D:15     | Reached skill level 9 in Transmutations
 34654 | D:15     | Reached skill level 9 in Fire Magic
 34654 | D:15     | Reached skill level 9 in Ice Magic
 34654 | D:15     | Reached skill level 9 in Air Magic
 34654 | D:15     | Reached skill level 9 in Earth Magic
 34654 | D:15     | Reached skill level 9 in Poison Magic
 34719 | D:15     | Received a gift from Okawaru
 34719 | D:15     | Reached skill level 12 in Stealth
 34720 | D:15     | Got a dazzling rapier {god gift}
 35510 | Snake:1  | Entered Level 1 of the Snake Pit
 35845 | Snake:1  | HP: 24/126 [naga warrior/cursed +0 flail (21)]
 35849 | Snake:1  | HP: 8/126 [black mamba (5)]
 35849 | Snake:1  | HP: 3/126 [naga warrior/cursed +0 flail (5)]
 35854 | Snake:1  | HP: 10/126 [naga warrior/splash of poison (12)]
 35859 | Snake:1  | Reached skill level 11 in Throwing
 35859 | Snake:1  | HP: 31/126 [black mamba (2)]
 35864 | Snake:1  | HP: 28/126 [poisoned by a naga warrior (splash of poison)]
 35870 | Snake:1  | HP: 25/126 [poisoned by a naga warrior (splash of poison)]
 35876 | Snake:1  | HP: 23/126 [poisoned by a naga warrior (splash of poison)]
 35881 | Snake:1  | HP: 21/126 [poisoned by a naga warrior (splash of poison)]
 35886 | Snake:1  | HP: 21/126 [poisoned by a naga warrior (splash of poison)]
 35891 | Snake:1  | HP: 20/126 [poisoned by a naga warrior (splash of poison)]
 35899 | Snake:1  | HP: 21/126 [poisoned by a naga warrior (splash of poison)]
 36474 | Shoals:1 | Entered Level 1 of the Shoals
 36586 | Shoals:1 | Found a runed door.
 37403 | Shoals:1 | Received a gift from Okawaru
 37972 | Shoals:2 | Reached skill level 11 in Short Blades
 37972 | Shoals:2 | Reached skill level 11 in Long Blades
 37972 | Shoals:2 | Reached skill level 11 in Axes
 37972 | Shoals:2 | Reached skill level 11 in Maces & Flails
 37972 | Shoals:2 | Reached skill level 11 in Staves
 37972 | Shoals:2 | Reached skill level 11 in Slings
 37972 | Shoals:2 | Reached skill level 11 in Bows
 37972 | Shoals:2 | Reached skill level 11 in Crossbows
 37972 | Shoals:2 | Reached skill level 11 in Armour
 37972 | Shoals:2 | Reached skill level 11 in Shields
 37972 | Shoals:2 | Reached skill level 11 in Unarmed Combat
 37972 | Shoals:2 | Reached skill level 11 in Spellcasting
 37972 | Shoals:2 | Reached skill level 11 in Evocations
 38586 | Shoals:2 | HP: 32/127 [stone giant (20)]
 38588 | Shoals:2 | Reached XP level 17. HP: 33/133 MP: 30/32
 39082 | Shoals:2 | Reached skill level 12 in Invocations
 39513 | Orc:2    | Bought an uncursed ring of see invisible for 210 gold
                  | pieces
 40376 | Shoals:3 | HP: 35/133 [merfolk javelineer/silver javelin (13)]
 40381 | Shoals:3 | Reached skill level 12 in Fighting
 40381 | Shoals:3 | Reached skill level 12 in Polearms
 40381 | Shoals:3 | Reached skill level 12 in Dodging
 40382 | Shoals:3 | HP: 30/133 [poisoned by a merfolk javelineer]
 40388 | Shoals:3 | HP: 25/133 [poisoned by a merfolk javelineer]
 40396 | Shoals:3 | HP: 26/133 [poisoned by a merfolk javelineer]
 40403 | Shoals:3 | HP: 26/133 [poisoned by a merfolk javelineer]
 40409 | Shoals:3 | HP: 26/133 [poisoned by a merfolk javelineer]
 40842 | Shoals:3 | Received a gift from Okawaru
 41524 | Shoals:4 | Entered Level 4 of the Shoals
 41532 | Shoals:4 | Found the +7 captain's cutlass {speed, disarm}
 42333 | Shoals:4 | HP: 37/133 [merfolk impaler/+2 trident of piercing (14)]
 42334 | Shoals:4 | HP: 17/133 [merfolk impaler/+4 trident of protection (16)]
 42342 | Shoals:4 | HP: 25/133 [merfolk javelineer/javelin (15)]
 42348 | Shoals:3 | HP: 24/133 [poisoned by a merfolk javelineer]
 42355 | Shoals:3 | HP: 24/133 [poisoned by a merfolk javelineer]
 42363 | Shoals:3 | HP: 24/133 [poisoned by a merfolk javelineer]
 42889 | Shoals:4 | Got a barnacled rune of Zot
 43952 | Shoals:4 | Identified the cursed +1 spear of Zagaarph {venom, Dex+4}
                  | (You found it on level 4 of the Shoals)
 43963 | Shoals:4 | Received a gift from Okawaru
 44189 | Shoals:4 | HP: 36/134 [snapping turtle (11)]
 44607 | Shoals:4 | HP: 37/134 [snapping turtle (17)]
 44612 | Shoals:4 | Received a gift from Okawaru
 45550 | Snake:1  | HP: 40/134 [naga warrior/+0 scimitar (6)]
 45556 | Snake:1  | HP: 27/134 [poisoned by a naga warrior (splash of poison)]
 45561 | Snake:1  | HP: 25/134 [poisoned by a naga warrior (splash of poison)]
 45567 | Snake:1  | HP: 24/134 [poisoned by a naga warrior (splash of poison)]
 45574 | Snake:1  | HP: 24/134 [poisoned by a naga warrior (splash of poison)]
 45582 | Snake:1  | HP: 24/134 [poisoned by a naga warrior (splash of poison)]
 46231 | Snake:1  | Received a gift from Okawaru
 46242 | Snake:1  | HP: 38/135 [mana viper (9)]
 46245 | Snake:1  | HP: 17/135 [naga sharpshooter/bolt (7)]
 46250 | Snake:1  | HP: 17/135 [anaconda (2)]
 46256 | Snake:1  | Shot with a bolt by a naga sharpshooter

Vault maps used:
D:1:      zaba_arrival_water
D:2:      trog_book, uniq_sigmund, uniq_crazy_yiuf_cottage
D:3:      overflow_temple_1_default, roderic_serpentine_path
D:4:      grunt_qazlal_sundering
D:5:      gammafunk_temple_overflow_elements, minmay_temple_entry_from_below_a,
          first_ration, yredelemnul_altar_generic
D:6:      grunt_decor_mini_mirrors, uniq_menkaure
D:7:      dancing_weapons_uskayaw, overflow_temple_1_default, tso_oasis_becter,
          gammafunk_temple_overflow_wave
D:8:      minivault_23
D:9:      lemuel_crystal_altar, grunt_gozag_statues, minmay_lair_entry_grove,
          david_orc_5, serial_shops, nicolae_shop_stone, hangedman_fish_farm
D:10:     nrook_guardian_serpent_snake_passage
D:11:     st_stairs_11, wad_mini_maze
D:12:     minmay_blocky_corners, kennysheep_boxes
D:14:     minmay_gate_of_8, erik_vaults_1
D:15:     hangedman_depths_entry_civil_slaughter, uniq_agnes, uniq_nessos
Temple:   minmay_temple_bridge_abc
Lair:1:   serial_bayou_shore_b, lemuel_fruit_fields
Lair:2:   kennysheep_abandoned_house, grunt_megastairs_3
Lair:3:   minmay_shoals_entry_lonely_mermaid
Lair:4:   minmay_snake_entry_guardpost_medium, minivault_26, grunt_megastairs_2
Lair:5:   basic_altar, chequers_serial_rivers_small_a, minivault_11,
          grunt_megastairs_5, infiniplex_staircase_pool_2, serial_bayou_shore_b
Lair:6:   minmay_lair_end_enchanted_forest, minmay_slime_entry_oklob_enclosed,
          gammafunk_ghost_hydra_chop, chequers_serial_rivers_small_3,
          serial_bayou_shore_a
Shoals:1: lightli_airlock
Shoals:2: nicolae_shoals_cliffside_cave, st_shoals_ruin
Shoals:3: argonaut_gorgonesque
Shoals:4: shoals_end_simple, shoals_oasis
Orc:1:    basic_altar, serial_shops, nicolae_shop_window_shopping, uniq_urug
Orc:2:    grunt_orc_cross, nicolae_orc_lava_room, uniq_josephine

Skill      XL: |  1  2  3  4  5  6  7  8  9 10 11 12 13 14 15 16 17 |
---------------+----------------------------------------------------+-----
Stealth        | 6 7 8 9 10 11 12 | 12.9
Invocations    | 1 2 3 4 5 6 7 8 9 10 11 12 | 12.5
Short Blades   | 1 2 3 4 5 6 7 8 9 10 11 | 11.6
Long Blades    | 1 2 3 4 5 6 7 8 9 10 11 | 11.6
Axes           | 1 2 3 4 5 6 7 8 9 10 11 | 11.6
Maces & Flails | 1 2 3 4 5 6 7 8 9 10 11 | 11.6
Staves         | 1 2 3 4 5 6 7 8 9 10 11 | 11.6
Slings         | 1 2 3 4 5 6 7 8 9 10 11 | 11.6
Bows           | 1 2 3 4 5 6 7 8 9 10 11 | 11.6
Crossbows      | 1 2 3 4 5 6 7 8 9 10 11 | 11.6
Armour         | 1 2 3 4 5 6 7 8 9 10 11 | 11.6
Shields        | 1 2 3 4 5 6 7 8 9 10 11 | 11.6
Unarmed Combat | 1 2 3 4 5 6 7 8 9 10 11 | 11.6
Spellcasting   | 1 2 3 4 5 6 7 8 9 10 11 | 11.6
Evocations     | 1 2 3 4 5 6 7 8 9 10 11 | 11.6
Conjurations   | 1 2 3 4 5 6 7 8 9 |  9.9
Hexes          | 1 2 3 4 5 6 7 8 9 |  9.9
Charms         | 1 2 3 4 5 6 7 8 9 |  9.9
Summonings     | 1 2 3 4 5 6 7 8 9 |  9.9
Necromancy     | 1 2 3 4 5 6 7 8 9 |  9.9
Translocations | 1 2 3 4 5 6 7 8 9 |  9.9
Transmutations | 1 2 3 4 5 6 7 8 9 |  9.9
Fire Magic     | 1 2 3 4 5 6 7 8 9 |  9.9
Ice Magic      | 1 2 3 4 5 6 7 8 9 |  9.9
Air Magic      | 1 2 3 4 5 6 7 8 9 |  9.9
Earth Magic    | 1 2 3 4 5 6 7 8 9 |  9.9
Poison Magic   | 1 2 3 4 5 6 7 8 9 |  9.9
Throwing       | 3 4 5 6 7 8 9 10 11 | 11.9
Fighting       | 5 6 7 8 9 10 11 12 | 12.4
Polearms       | 5 6 7 8 9 10 11 12 | 12.4
Dodging        | 5 6 7 8 9 10 11 12 | 12.4

Action                   |  1- 3 |  4- 6 |  7- 9 | 10-12 | 13-15 | 16-18 || total
-------------------------+-------+-------+-------+-------+-------+-------++-------
Melee: Spear             |    75 |   146 |   252 |       |       |       ||   473
       Bite              |     2 |    10 |    52 |   137 |   335 |   169 ||   705
       Punch             |       |       |     2 |       |       |       ||     2
       Quarterstaff      |       |       |   179 |   793 |   464 |     6 ||  1442
       Lajatang          |       |       |       |       |  1447 |   764 ||  2211
       Great sword       |       |       |       |       |       |    56 ||    56
 Fire: Shortbow          |       |       |    83 |    25 |       |       ||   108
       Longbow           |       |       |       |       |       |   297 ||   297
Throw: Javelin           |       |       |    12 |     3 |     7 |    19 ||    41
       Stone             |       |       |     2 |       |       |       ||     2
       Tomahawk          |       |       |     1 |    72 |    90 |    25 ||   188
Invok: Heroism           |       |       |     1 |     8 |    14 |    13 ||    36
       Finesse           |       |       |       |       |       |     3 ||     3
 Abil: Evoke Flight      |       |       |       |       |       |     1 ||     1
Evoke: Wand              |       |       |       |       |    10 |    13 ||    23
  Use: Scroll            |     3 |     1 |    13 |     8 |    12 |     4 ||    41
       Potion            |       |     6 |     1 |     2 |     1 |    12 ||    22
 Stab: Sleeping          |    12 |     6 |     4 |       |     4 |     3 ||    29
       Distracted        |       |     1 |       |     2 |     3 |     1 ||     7
       Petrified         |       |       |       |       |     2 |     2 ||     4
       Paralysed         |       |       |       |       |    13 |     4 ||    17
  Eat: Chunk             |       |     3 |    12 |    24 |    55 |    43 ||   137
       Ration            |       |       |     2 |     1 |     2 |       ||     5
Armor: Leather armour    |     6 |    19 |     5 |       |       |       ||    30
       Skin              |       |    58 |     3 |       |       |       ||    61
       Ice dragon scales |       |       |    66 |       |       |       ||    66
       Chain mail        |       |       |   138 |   514 |   826 |   442 ||  1920
Dodge: Dodged            |    28 |    61 |   184 |   477 |  1026 |   534 ||  2310
       Rpst.: Great sword |       |       |       |       |       |    10 ||    10

Table legend:
 A = Non-vault XP
 B = Vault XP
 C = Vault XP percentage of total XP
 D = Non-vault monster count
 E = Vault monster count
 F = Vault count percentage of total count
                 A         B        C        D         E       F
            +---------+---------+-------+---------+---------+-------
      Total |  145757 |   93112 |  39.0 |     684 |     247 |  26.5
            +---------+---------+-------+---------+---------+-------
        D:1 |      44 |       0 |   0.0 |      22 |       0 |   0.0
        D:2 |     282 |     281 |  49.9 |      28 |       2 |   6.7
        D:3 |      66 |       0 |   0.0 |      16 |       0 |   0.0
        D:4 |      48 |       0 |   0.0 |       6 |       0 |   0.0
        D:5 |     513 |       0 |   0.0 |      17 |       0 |   0.0
        D:6 |     770 |     169 |  18.0 |      19 |       1 |   5.0
        D:7 |    1632 |       0 |   0.0 |      20 |       0 |   0.0
        D:8 |    1180 |     782 |  39.9 |      25 |       6 |  19.4
        D:9 |    2555 |    1991 |  43.8 |      28 |      28 |  50.0
       D:10 |    3290 |     920 |  21.9 |      18 |       2 |  10.0
       D:11 |    2995 |    2265 |  43.1 |      30 |       9 |  23.1
       D:12 |    5693 |    2711 |  32.3 |      36 |       4 |  10.0
       D:13 |   12182 |    1808 |  12.9 |      63 |       2 |   3.1
       D:14 |    7267 |   12788 |  63.8 |      20 |       9 |  31.0
       D:15 |    9591 |    6899 |  41.8 |      31 |       6 |  16.2
     Lair:1 |    4176 |       0 |   0.0 |      21 |       0 |   0.0
     Lair:2 |    3302 |     744 |  18.4 |      17 |      16 |  48.5
     Lair:3 |    5744 |     938 |  14.0 |      19 |       3 |  13.6
     Lair:4 |    4610 |    2111 |  31.4 |      21 |       7 |  25.0
     Lair:5 |   12893 |     460 |   3.4 |      39 |       3 |   7.1
     Lair:6 |    9547 |   11552 |  54.8 |      23 |      51 |  68.9
   Shoals:1 |   11416 |    4467 |  28.1 |      22 |      11 |  33.3
   Shoals:2 |    8571 |    5831 |  40.5 |      18 |       9 |  33.3
   Shoals:3 |   14334 |    6018 |  29.6 |      31 |      11 |  26.2
   Shoals:4 |    5552 |   19948 |  78.2 |      11 |      28 |  71.8
    Snake:1 |   12745 |       0 |   0.0 |      28 |       0 |   0.0
      Orc:1 |    1104 |     847 |  43.4 |      22 |       1 |   4.3
      Orc:2 |    3655 |    9582 |  72.4 |      33 |      38 |  53.5
            +---------+---------+-------+---------+---------+-------

Table legend:
 A = Turns spent in this place as a percentage of turns spent in the entire game.
 B = Non-inter-level travel turns spent in this place as a percentage of non-inter-level travel turns spent in the entire game.
 C = Inter-level travel turns spent in this place as a percentage of turns spent in this place.
 D = Turns resting spent in this place as a percentage of non-inter-level travel turns spent in this place.
 E = Turns spent auto-exploring this place as a percentage of non-inter-level travel turns spent in this place.
 F = Non-inter-level travel turns spent in this place divided by the number of levels of this place that you've seen.
                   A       B       C       D       E      F
               +-------+-------+-------+-------+-------+----------------------
         Total | 100.0 | 100.0 |   7.1 |  36.0 |  29.7 | 1482.3
       Dungeon |  45.0 |  45.0 |   7.0 |  30.5 |  36.4 | 1289.3
        Temple |   0.2 |   0.2 |  21.6 |   0.0 |  60.0 |  80.0
          Lair |  25.3 |  25.0 |   8.5 |  34.1 |  31.6 | 1788.3
        Shoals |  17.7 |  17.9 |   6.1 |  50.1 |  16.0 | 1921.8
     Snake Pit |   4.4 |   4.5 |   4.6 |  49.2 |  25.1 | 1948.0
  Orcish Mines |   7.3 |   7.5 |   5.7 |  35.1 |  17.8 | 1601.5
               +-------+-------+-------+-------+-------+----------------------

Vault maps used:
D:1:      zaba_arrival_water
D:2:      trog_book, uniq_sigmund, uniq_crazy_yiuf_cottage
D:3:      overflow_temple_1_default, roderic_serpentine_path
D:4:      grunt_qazlal_sundering
D:5:      gammafunk_temple_overflow_elements, minmay_temple_entry_from_below_a,
          first_ration, yredelemnul_altar_generic
D:6:      grunt_decor_mini_mirrors, uniq_menkaure
D:7:      dancing_weapons_uskayaw, overflow_temple_1_default, tso_oasis_becter,
          gammafunk_temple_overflow_wave
D:8:      minivault_23
D:9:      lemuel_crystal_altar, grunt_gozag_statues, minmay_lair_entry_grove,
          david_orc_5, serial_shops, nicolae_shop_stone, hangedman_fish_farm
D:10:     nrook_guardian_serpent_snake_passage
D:11:     st_stairs_11, wad_mini_maze
D:12:     minmay_blocky_corners, kennysheep_boxes
D:14:     minmay_gate_of_8, erik_vaults_1
D:15:     hangedman_depths_entry_civil_slaughter, uniq_agnes, uniq_nessos
Temple:   minmay_temple_bridge_abc
Lair:1:   serial_bayou_shore_b, lemuel_fruit_fields
Lair:2:   kennysheep_abandoned_house, grunt_megastairs_3
Lair:3:   minmay_shoals_entry_lonely_mermaid
Lair:4:   minmay_snake_entry_guardpost_medium, minivault_26, grunt_megastairs_2
Lair:5:   basic_altar, chequers_serial_rivers_small_a, minivault_11,
          grunt_megastairs_5, infiniplex_staircase_pool_2, serial_bayou_shore_b
Lair:6:   minmay_lair_end_enchanted_forest, minmay_slime_entry_oklob_enclosed,
          gammafunk_ghost_hydra_chop, chequers_serial_rivers_small_3,
          serial_bayou_shore_a
Shoals:1: lightli_airlock
Shoals:2: nicolae_shoals_cliffside_cave, st_shoals_ruin
Shoals:3: argonaut_gorgonesque
Shoals:4: shoals_end_simple, shoals_oasis
Orc:1:    basic_altar, serial_shops, nicolae_shop_window_shopping, uniq_urug
Orc:2:    grunt_orc_cross, nicolae_orc_lava_room, uniq_josephine
